 Dungeon Crawl Stone Soup version 0.21.1-1-g345015fe64 (webtiles) character file.

41260 Htamos the Severer (level 13, -3/122 HPs)
             Began as a Minotaur Monk on July 10, 2018.
             Was the Champion of Okawaru.
             Shot with an arrow by a centaur warrior (14 damage)
             ... on level 15 of the Dungeon.
             The game lasted 00:59:13 (23915 turns).

Htamos the Severer (Minotaur Monk)                 Turns: 23915, Time: 00:59:14

Health: -3/122     AC: 10    Str: 17    XL:     13   Next: 79%
Magic:  12/12      EV: 21    Int:  7    God:    Okawaru [******]
Gold:   701        SH:  0    Dex: 25    Spells: 12/12 levels left

rFire    + . .     SeeInvis .   L - +9 executioner's axe (chop)
rCold    x . .     Gourm    .   (shield currently unavailable)
rNeg     + . .     Faith    .   x - +3 ring mail {rPois}
rPois    +         Spirit   .   D - +0 hat {MR+}
rElec    +         Reflect  .   (no cloak)
rCorr    .         Harm     .   (no gloves)
MR       +....     NoTele   +   (no boots)
Stlth    ++........             v - amulet of magic regeneration
HPRegen  0.30/turn              u - ring of positive energy
MPRegen  0.38/turn              S - ring "Puidgheb" {-Tele rElec rF+ rC- Dex+8}

@: no status effects
A: retaliatory headbutt, horns 2
a: Heroism, Finesse, Renounce Religion


You were on level 15 of the Dungeon.
You worshipped Okawaru.
Okawaru was exalted by your worship.
You were not hungry.

You visited 2 branches of the dungeon, and saw 16 of its levels.

You collected 861 gold pieces.
You spent 160 gold pieces at shops.

Inventory:

Hand Weapons
 a - a +0 hand axe
 g - a +0 dagger
 n - a +2 hand axe of flaming
 s - a +0 whip of electrocution
 t - a +0 war axe
 y - a +2 dagger of holy wrath
 I - a +1 trident of pain
 L - a +9 executioner's axe of chopping (weapon)
 M - a +2 hand axe of draining
 Z - a +0 war axe of freezing
Armour
 b - a +1 plate armour
 o - a +0 shield
 x - a +3 ring mail of poison resistance (worn)
 z - a +0 hat
 D - a +0 hat of magic resistance (worn)
 P - a +0 troll leather armour
Jewellery
 u - a ring of positive energy (left hand)
 v - an amulet of magic regeneration (around neck)
 B - an uncursed ring of protection from fire
 H - an uncursed ring of protection from magic
 J - an uncursed ring of protection from fire
 K - an uncursed ring of protection from cold
 S - the ring "Puidgheb" (right hand) {-Tele rElec rF+ rC- Dex+8}
   (You found it on level 11 of the Dungeon)

   [ring of protection from fire]

   It affects your dexterity (+8).
   It protects you from fire.
   It makes you vulnerable to cold.
   It insulates you from electricity.
   It prevents most forms of teleportation.
 W - an uncursed ring of protection from cold
Wands
 w - a wand of digging (20)
 F - a wand of random effects (45)
 N - a wand of iceblast (23)
 U - a wand of paralysis (20)
Scrolls
 d - 2 scrolls of fear
 f - 6 scrolls of teleportation
 j - 2 scrolls of silence {unknown}
 k - a scroll of noise {unknown}
 l - 2 scrolls of identify
 m - 3 scrolls of magic mapping
 q - a scroll of enchant weapon
 Q - 3 scrolls of random uselessness {unknown}
 R - 2 scrolls of amnesia {unknown}
 T - a scroll of enchant armour
 V - a scroll of blinking {unknown}
Potions
 e - 3 potions of resistance
 h - 2 potions of brilliance
 i - 2 potions of curing
 p - a potion of degeneration
 r - 2 potions of magic {unknown}
 A - a potion of cancellation
 E - a potion of ambrosia {unknown}
 G - 2 potions of flight {unknown}
 Y - a potion of haste
Books
 C - a book of Changes

   Spells                             Type                      Level
   a - Beastly Appendage              Transmutation                1
   b - Sticks to Snakes               Transmutation                2
   c - Spider Form                    Transmutation/Poison         3
   d - Ice Form                       Ice/Transmutation            4
   e - Blade Hands                    Transmutation                5
 O - a book of Dreams

   Spells                             Type                      Level
   a - Ensorcelled Hibernation        Hexes/Ice                    2
   b - Borgnjor's Vile Clutch         Necromancy/Earth             5
   c - Silence                        Hexes/Air                    5
   d - Darkness                       Hexes                        6
   e - Shadow Creatures               Summoning                    6
Comestibles
 c - 19 rations
 X - 3 chunks of flesh


   Skills:
 + Level 13.4 Fighting
 - Level 0.4 Short Blades
 * Level 15.2 Axes
 + Level 11.4 Armour
 + Level 10.6 Dodging
 - Level 1.5 Stealth
 - Level 12.6 Shields


You had 12 spell levels left.
You didn't know any spells.

Dungeon Overview and Level Annotations

Branches:
Dungeon (15/15)            Temple (1/1) D:6            Lair (0/6) D:11
    Orc (0/2) D:12         Vaults (0/5) D:13
 Depths: D:15

Altars:
Ashenzari
Cheibriados
Dithmenos
Elyvilon
Fedhas
Gozag
Hepliaklqana
Kikubaaqudgha
Makhleb
Nemelex Xobeh
Okawaru
Qazlal
Ru
Sif Muna
Trog
Uskayaw
Vehumet
Wu Jian
Xom
Yredelemnul
Zin
The Shining One
Beogh

Shops:
D:5 *   D:12 *

Portals:
Trove: D:14 (give +6 demon blade)


Innate Abilities, Weirdness & Mutations

You reflexively headbutt those who attack you in melee.
You have a pair of horns on your head.


Message History

* * * LOW HITPOINT WARNING * * *
The hell knight casts a spell at you. Pain shoots through your body!
* * * LOW HITPOINT WARNING * * *
The centaur wields a shortbow.
The centaur shoots an arrow.
The arrow hits you.
* * * LOW HITPOINT WARNING * * *
A centaur comes into view. It is wielding a shortbow.
Things that are here:
2 arrows; a +0 troll leather armour; a troll corpse You cannot teleport because you are wearing the ring "Puidgheb" {-Tele rElec rF+ rC- Dex+8}.
The centaur warrior shoots an arrow.
The arrow barely misses you.
Things that are here:
a mace; 3 large rocks
Things that are here:
a giant club; a giant spiked club
Things that are here:
a great sword; a robe
There is a stone staircase leading up here.
The centaur warrior shoots an arrow.
The arrow hits you!
You die...

#..♣ ♣.♣ ...# ###..♣# #♣.♣#
#..# #.....♣♣♣...♣♣ ...#
#.##.......... ... ...
#####.##### #.#### #.# c ..#
##.## #O# #c #.# #(..# #O# .
#.##.# #..@# ###.#####
.##..c.#### #.)O# ####.......#
..........# #...# #.......##..
.#..##.##.####)p.#####.##.#..#
.......##c..cc).(..... #.#..#
.......(...(cW........ ..#..#
##.....##.).c..........## #..##
.#..#####(####...#####.####...#
......†.(.# #...# #........#


You could see a hell knight, a centaur warrior, a two-headed ogre, a wraith and
2 centaurs.

Vanquished Creatures
  5 vault guards
  7 two-headed ogres
  A death knight (D:15)
  6 centaur warriors
  An ogre mage (D:15)
  2 skeletal warriors
  An unseen horror (D:15)
  10 ugly things
  2 cyclopes (D:15)
  A deep elf mage (D:13)
  2 manticores (D:13)
  The ghost of patthesweetcat the Firebug, a novice OpFE (D:4)
  3 centaur zombies
  A gargoyle (D:15)
  A kobold demonologist (D:15)
  2 hornets
  8 trolls
  8 slime creatures
  2 hippogriffs
  4 vampires
  A shadow (D:14)
  3 wraiths
  11 yaks
  Sigmund (D:4)
  4 vampire mosquitoes (D:11)
  A hungry ghost (D:14)
  A yak (shapeshifter) (D:13)
  A warg (D:12)
  The ghost of letownia the Insei, an amateur DsGl of Ru (D:5)
  Menkaure (D:4)
  2 basilisks
  An acid dragon (D:14)
  3 water moccasins
  20 orc warriors
  4 porcupines (D:11)
  3 sky beasts
  A black bear (D:9)
  2 phantoms
  An ice beast (D:7)
  6 ogres
  13 centaurs
  6 crocodiles
  2 big kobolds
  10 bullfrogs
  A scorpion (D:8)
  5 killer bees (D:11)
  2 vampire bats (D:4)
  4 wights (D:13)
  2 howler monkeys
  6 crimson imps
  10 orc priests
  4 hounds
  3 bullfrog skeletons
  3 jellies
  7 orc wizards
  A gnoll shaman (D:7)
  9 iguanas
  6 centaur skeletons
  Ijyb (D:3)
  Terence (D:2)
  9 worker ants
  A hound zombie (D:5)
  2 hound skeletons
  3 worker ant zombies
  23 gnolls
  A howler monkey skeleton (D:8)
  10 adders
  A shadow imp (D:12)
  2 adder skeletons
  A worm (D:2)
  A dart slug (D:1)
  68 orcs
  13 bats
  4 giant cockroaches
  14 goblins
  5 hobgoblins
  8 jackals
  7 kobolds
  8 quokkas
  9 frilled lizards
  A leopard gecko zombie (D:6)
  A quokka skeleton (D:6)
  5 rats
429 creatures vanquished.

Vanquished Creatures (collateral kills)
  A deep elf mage (D:14)
1 creature vanquished.

Vanquished Creatures (others)
  3 fungi (D:11)
  7 plants (D:11)
10 creatures vanquished.

Grand Total: 440 creatures vanquished

Notes
Turn   | Place    | Note
-------+----------+-------------------------------------------
     0 | D:1      | Htamos the Minotaur Monk began the quest for the Orb.
     0 | D:1      | Reached XP level 1. HP: 19/19 MP: 0/0
    99 | D:1      | Reached skill level 4 in Axes
   103 | D:1      | Reached XP level 2. HP: 27/27 MP: 1/1
   713 | D:2      | Found a shadowy altar of Dithmenos.
   812 | D:2      | Reached skill level 5 in Axes
   812 | D:2      | Reached XP level 3. HP: 17/33 MP: 2/2
  1169 | D:2      | Noticed Terence
  1180 | D:2      | Killed Terence
  1180 | D:2      | Reached XP level 4. HP: 24/40 MP: 3/3
  1559 | D:2      | Reached skill level 6 in Axes
  1683 | D:2      | Found a sparkling altar of Nemelex Xobeh.
  2455 | D:3      | Reached XP level 5. HP: 9/46 MP: 4/4
  2956 | D:3      | Reached skill level 7 in Axes
  3171 | D:3      | Noticed Ijyb
  3205 | D:3      | Killed Ijyb
  3572 | D:3      | Reached skill level 8 in Axes
  3572 | D:3      | Reached XP level 6. HP: 17/52 MP: 5/5
  3868 | D:4      | Noticed Menkaure
  3879 | D:4      | Killed Menkaure
  4052 | D:4      | Reached skill level 9 in Axes
  4055 | D:4      | Noticed patthesweetcat's ghost (novice OpFE)
  4067 | D:4      | Killed patthesweetcat's ghost
  4067 | D:4      | Reached skill level 10 in Axes
  4067 | D:4      | Reached XP level 7. HP: 54/58 MP: 6/6
  4291 | D:4      | Reached skill level 11 in Axes
  4634 | D:4      | Noticed Sigmund
  4647 | D:4      | Killed Sigmund
  4647 | D:4      | Reached XP level 8. HP: 56/66 MP: 7/7
  4687 | D:5      | Entered Level 5 of the Dungeon
  4703 | D:5      | Found Egoc's Assorted Antiques.
  4824 | D:5      | Reached skill level 12 in Axes
  5393 | D:5      | Noticed letownia's ghost (amateur DsGl)
  5445 | D:5      | Killed letownia's ghost
  5801 | D:5      | Reached skill level 13 in Axes
  6127 | D:5      | Bought a twisted brass ring for 160 gold pieces
  6450 | D:6      | Found a staircase to the Ecumenical Temple.
  6485 | D:6      | Reached XP level 9. HP: 38/71 MP: 8/8
  6497 | Temple   | Entered the Ecumenical Temple
  6858 | Temple   | Became a worshipper of Warmaster Okawaru
  6858 | Temple   | Reached * piety under Okawaru
  6858 | Temple   | Reached ** piety under Okawaru
  7634 | D:7      | Reached skill level 14 in Axes
  7634 | D:7      | Reached skill level 1 in Armour
  7756 | D:7      | Found a deep blue altar of Sif Muna.
  8083 | D:7      | Reached skill level 1 in Shields
  8521 | D:7      | Reached skill level 5 in Fighting
  8521 | D:7      | Reached skill level 5 in Armour
  8701 | D:7      | Reached *** piety under Okawaru
  8958 | D:8      | Found a blossoming altar of Fedhas.
  9543 | D:9      | Reached XP level 10. HP: 22/83 MP: 9/9
  9588 | D:8      | Found a sacrificial altar of Ru.
  9588 | D:8      | Found a burning altar of Makhleb.
  9939 | D:9      | Found a deep blue altar of Sif Muna.
  9950 | D:9      | Found a hide-covered altar of Uskayaw.
  9953 | D:9      | Found a bloodstained altar of Trog.
  9992 | D:9      | Found an opulent altar of Gozag.
 11112 | D:9      | Found a roughly hewn altar of Beogh.
 11119 | D:9      | HP: 4/84 [orc warrior/trident (9)]
 11127 | D:9      | HP: 1/84 [orc warrior/trident (5)]
 11808 | D:9      | You fall through a shaft for 3 floors!
 11865 | D:12     | Reached **** piety under Okawaru
 11986 | D:11     | Reached skill level 5 in Shields
 12001 | D:10     | Entered Level 10 of the Dungeon
 12778 | D:10     | Noticed a two-headed ogre
 12791 | D:10     | Killed a two-headed ogre
 12791 | D:10     | Reached skill level 5 in Dodging
 13927 | D:11     | Reached ***** piety under Okawaru
 13927 | D:11     | Reached XP level 11. HP: 70/95 MP: 10/10
 14044 | D:11     | Received a gift from Okawaru
 14284 | D:11     | Found a staircase to the Lair.
 14686 | D:11     | Got a bound wooden ring
 14691 | D:11     | Noticed a green ugly thing
 14717 | D:11     | Killed a green ugly thing
 14717 | D:11     | Reached skill level 10 in Fighting
 15254 | D:12     | Found Seikh's Assorted Antiques.
 15713 | D:12     | Found a staircase to the Orcish Mines.
 17638 | D:13     | Received a gift from Okawaru
 18063 | D:13     | Noticed a deep elf mage
 18119 | D:13     | Killed a deep elf mage
 18335 | D:13     | Reached XP level 12. HP: 110/110 MP: 11/11
 18659 | D:13     | Found a gate to the Vaults.
 18659 | D:13     | Noticed a two-headed ogre
 18659 | D:13     | Noticed a vault guard
 18659 | D:13     | Noticed a vault guard
 18659 | D:13     | Noticed a vault guard
 18660 | D:13     | Noticed a vault guard
 18782 | D:13     | Reached skill level 10 in Shields
 18945 | D:13     | Killed a two-headed ogre
 18972 | D:13     | Killed a vault guard
 19095 | D:13     | Reached skill level 10 in Armour
 19224 | D:13     | Killed a vault guard
 19432 | D:13     | Killed a vault guard
 19432 | D:13     | Reached ****** piety under Okawaru
 19613 | D:13     | Killed a vault guard
 19613 | D:13     | Received a gift from Okawaru
 20580 | D:14     | Noticed a centaur warrior
 20605 | D:14     | Killed a centaur warrior
 20617 | D:14     | Noticed a centaur warrior
 20646 | D:14     | Killed a centaur warrior
 20817 | D:14     | Noticed a vault guard
 20834 | D:14     | Killed a vault guard
 21258 | D:14     | Found a portal to a secret trove of treasure.
 21714 | D:14     | Reached XP level 13. HP: 119/119 MP: 12/12
 22345 | D:15     | Entered Level 15 of the Dungeon
 22366 | D:15     | Identified the ring "Puidgheb" {-Tele rElec rF+ rC- Dex+8} (You found it on level 11 of the Dungeon)
 22706 | D:15     | Received a gift from Okawaru
 22716 | D:15     | Reached skill level 10 in Dodging
 23122 | D:15     | HP: 3/122 [skeletal warrior/dire flail[a death knight] (24)]
 23143 | D:15     | HP: 4/122 [two-headed ogre/giant club (5)]
 23175 | D:15     | Received a gift from Okawaru
 23849 | D:15     | Reached skill level 15 in Axes
 23915 | D:15     | Shot with an arrow by a centaur warrior

Skill      XL: |  1  2  3  4  5  6  7  8  9 10 11 12 13 |
---------------+----------------------------------------+-----
Axes           | 4 5 6 8 10 11 13 14 15 | 15.2
Armour         | 6 8 9 10 11 | 11.4
Fighting       | 6 8 11 12 13 | 13.4
Shields        | 3 6 9 11 12 | 12.6
Dodging        | 5 7 9 10 | 10.6
Short Blades   | |  0.4
Stealth        | |  1.5

Action                   |  1- 3 |  4- 6 |  7- 9 | 10-12 | 13-15 || total
-------------------------+-------+-------+-------+-------+-------++-------
Melee: Hand axe          |    37 |    62 |   271 |   700 |    37 ||  1107
       Dagger            |    27 |       |       |       |       ||    27
       Headbutt          |    17 |    29 |    95 |   260 |    57 ||   458
       Whip              |       |   120 |   181 |   380 |       ||   681
       Executioner's axe |       |       |       |       |    82 ||    82
       War axe           |       |       |       |       |    66 ||    66
Invok: Heroism           |       |       |     1 |    14 |     2 ||    17
       Finesse           |       |       |       |     1 |     1 ||     2
Evoke: Phantom mirror    |       |       |       |     1 |       ||     1
  Use: Scroll            |       |       |    11 |     6 |     4 ||    21
       Potion            |       |       |     5 |    13 |     2 ||    20
 Stab: Sleeping          |     5 |     1 |     2 |     3 |     1 ||    12
  Eat: Chunk             |       |     9 |    12 |    25 |     7 ||    53
       Ration            |       |       |     2 |     4 |       ||     6
Armor: Robe              |     5 |       |       |       |       ||     5
       Plate armour      |       |    61 |       |       |       ||    61
       Chain mail        |       |     2 |       |       |       ||     2
       Ring mail         |       |    15 |   114 |    88 |    28 ||   245
       Skin              |       |       |       |    16 |       ||    16
       Troll leather arm |       |       |       |     6 |       ||     6
Dodge: Dodged            |    32 |    25 |   109 |   292 |    95 ||   553
Block: Shield            |    14 |    58 |   120 |   371 |    41 ||   604
